 Dungeon Crawl Stone Soup version 0.20.1-1-g8b1a95d (webtiles) character file.

28564 KoningWillie the Severer (level 13, -9/122 HPs)
             Began as a Minotaur Fighter on Oct 26, 2017.
             Was the Champion of Elyvilon.
             Mangled by a ten-headed hydra (12 damage)
             ... on level 13 of the Dungeon.
             The game lasted 00:39:36 (14920 turns).

KoningWillie the Severer (Minotaur Fighter)        Turns: 14920, Time: 00:39:38

Health: -9/122     AC: 12    Str: 24    XL:     13   Next: 10%
Magic:  13/13      EV: 12    Int:  5    God:    Elyvilon [******]
Gold:   134        SH:  0    Dex: 12    Spells: 12/12 levels left

rFire    . . .     SeeInvis .   N - +3 battleaxe (freeze)
rCold    . . .     Gourm    .   (shield currently unavailable)
rNeg     . . .     Faith    .   b - +0 scale mail
rPois    .         Spirit   .   (helmet restricted)
rElec    .         Reflect  .   (no cloak)
rCorr    +         Harm     .   n - +2 pair of gloves
MR       .....                  (no boots)
Stlth    ..........             (no amulet)
Regen    0.3/turn               g - ring of flight
MPRegen  0.2/turn               u - ring of resist corrosion

@: no status effects
A: retaliatory headbutt, horns 2
a: Lesser Healing, Heal Other, Purification, Greater Healing, Divine Vigour,
Divine Protection, Renounce Religion, Evoke Flight


You were on level 13 of the Dungeon.
You worshipped Elyvilon.
Elyvilon was exalted by your worship.
You were not hungry.

You visited 1 branch of the dungeon, and saw 14 of its levels.
You visited 1 bazaar.

You collected 719 gold pieces.
You spent 585 gold pieces at shops.

Inventory:

Hand Weapons
 a - a +1 flail
 j - a +0 battleaxe
 k - a +0 broad axe
 x - a +0 flail of protection
 C - a +1 battleaxe of flaming
 N - a +3 battleaxe of freezing (weapon)
Missiles
 t - 8 poisoned tomahawks (quivered)
Armour
 b - a +0 scale mail (worn)
 c - a +0 shield
 n - a +2 pair of gloves (worn)
Jewellery
 g - a ring of flight (left hand)
 u - a ring of resist corrosion (right hand)
Wands
 f - a wand of iceblast (3/15)
 w - a wand of lightning (4/15)
 y - a wand of disintegration (4/24)
 A - a wand of scattershot (3/9)
 D - a wand of confusion (23/48)
 J - a wand of paralysis (4/24)
 O - a wand of flame (28/48)
Scrolls
 e - 4 scrolls of teleportation
 l - 6 scrolls of remove curse
 v - a scroll of enchant weapon
 B - 2 scrolls of magic mapping
 H - 3 scrolls of identify
 K - 3 scrolls of fog
 L - a scroll of recharging
Potions
 d - 2 potions of might
 h - 2 potions of curing
 i - 2 potions of mutation
 q - 4 potions of lignification
 r - 2 potions of brilliance
 s - 2 potions of flight
 z - 2 potions of haste
 E - 4 potions of resistance
Books
 F - a book of Conjurations

   Spells                             Type                      Level
   a - Magic Dart                     Conjuration                  1
   b - Searing Ray                    Conjuration                  2
   c - Dazzling Spray                 Conjuration/Hexes            3
   d - Fulminant Prism                Conjuration/Hexes            4
   e - Force Lance                    Conjuration/Translocation    4
   f - Iskenderun's Mystic Blast      Conjuration                  4
 G - a book of Frost

   Spells                             Type                      Level
   a - Freeze                         Ice                          1
   b - Throw Frost                    Conjuration/Ice              2
   c - Ozocubu's Armour               Charms/Ice                   3
   d - Throw Icicle                   Conjuration/Ice              4
   e - Summon Ice Beast               Ice/Summoning                4
Comestibles
 m - 4 bread rations
 o - 11 royal jellies
 p - 7 fruits


   Skills:
 * Level 13.3 Fighting
 * Level 16.1(16.4) Axes
 - Level 5.5(12.0) Maces & Flails
 + Level 1.1 Throwing
 + Level 9.8 Armour
 + Level 4.8 Dodging
 + Level 2.0 Stealth
 + Level 7.0 Shields
 + Level 1.5 Evocations


You had 12 spell levels left.
You didn't know any spells.

Dungeon Overview and Level Annotations

Branches:
Dungeon (14/15)            Temple (0/1) D:7            Lair (0/6) D:8
    Orc: D:9-12      Vaults: D:13-14

Altars:
Ashenzari
Cheibriados
Dithmenos
Elyvilon
Makhleb
Okawaru
Vehumet
Yredelemnul
Zin

Shops:
D:5 (   D:6 (   D:8 (*%*   D:10 ?=?:*   D:12 (   D:13 *

Annotations:
D:8 Psyche
D:13 Snorg


Innate Abilities, Weirdness & Mutations

You reflexively headbutt those who attack you in melee.
You have a pair of horns on your head.


Message History

You lop one of the nine-headed hydra's heads off!
The eight-headed hydra grows two more!
You slash the ten-headed hydra!
The ten-headed hydra seems to slow down.
You freeze the ten-headed hydra! You headbutt the ten-headed hydra!
The ten-headed hydra is severely wounded.
The ten-headed hydra bites you.
* * * LOW HITPOINT WARNING * * *
The ten-headed hydra bites you!
* * * LOW HITPOINT WARNING * * *
The ten-headed hydra bites you!
* * * LOW HITPOINT WARNING * * *
The ten-headed hydra closely misses you.
The ten-headed hydra bites you.
* * * LOW HITPOINT WARNING * * *
The ten-headed hydra bites you. Elyvilon protects you from harm!
The ten-headed hydra bites you. Elyvilon protects you from harm!
The ten-headed hydra bites you!
You die...

##########
#........#
#........##
#.........
#........#
#.>......#
#D# ##@#
#..# ##.##
#..# ###.##
#...# #†###
###.# #...#


You could see a ten-headed hydra.

Vanquished Creatures
  Josephine (D:13)
  A centaur warrior (D:13)
  3 two-headed ogres
  2 ugly things
  A cyclops (D:12)
  3 manticores
  A gargoyle (D:12)
  An efreet (D:14)
  A freezing wraith (D:14)
  2 trolls
  3 hippogriffs
  3 wraiths (D:13)
  10 yaks
  3 hungry ghosts
  A steam dragon (D:8)
  The ghost of Araratina the Shield-Bearer, an amateur HuFi of Gozag (D:4)
  2 vampire mosquitoes (D:13)
  Edmund (D:6)
  A soldier ant (D:8)
  Duvessa (D:6)
  A water moccasin (D:13)
  An ice beast (D:12)
  6 sky beasts
  6 orc warriors
  2 black bears
  A hornet zombie (D:11)
  2 phantoms (D:10)
  6 ogres
  2 crocodiles
  13 centaurs
  2 big kobolds
  8 bullfrogs
  Dowan (D:6)
  A scorpion (D:8)
  5 killer bees (D:12)
  2 howler monkeys (D:13)
  9 wights (D:12)
  A centaur zombie (D:5)
  3 crimson imps
  3 bullfrog zombies
  9 jellies
  2 quasits
  7 orc priests
  2 hounds (D:4)
  Ijyb (D:4)
  3 bullfrog skeletons
  2 iguanas
  10 orc wizards
  10 worker ants
  A killer bee zombie (D:5)
  A hound zombie (D:5)
  2 hound skeletons
  A worker ant zombie (D:11)
  A howler monkey skeleton (D:4)
  3 gnolls (D:4)
  13 adders
  6 shadow imps
  7 oozes
  2 adder skeletons
  An adder zombie (D:8)
  2 worms
  4 dart slugs
  4 leopard geckos
  30 orcs
  4 bats
  3 giant cockroaches
  8 goblins
  5 hobgoblins
  18 jackals
  17 kobolds
  7 quokkas
  3 ball pythons
  10 frilled lizards
  A jackal skeleton (D:6)
  6 rats
323 creatures vanquished.

Notes
Turn   | Place    | Note
-------+----------+-------------------------------------------
     0 | D:1      | KoningWillie the Minotaur Fighter began the quest for the Orb.
     0 | D:1      | Reached XP level 1. HP: 19/19 MP: 0/0
   103 | D:1      | Reached XP level 2. HP: 22/27 MP: 1/1
   455 | D:1      | Reached XP level 3. HP: 33/33 MP: 2/2
   991 | D:2      | Reached XP level 4. HP: 39/40 MP: 3/3
  1047 | D:2      | Reached skill level 5 in Shields
  1172 | D:2      | Found a snail-covered altar of Cheibriados.
  1237 | D:2      | Found a white marble altar of Elyvilon.
  1253 | D:2      | Became a worshipper of Elyvilon the Healer
  1559 | D:3      | Found a faded altar of an unknown god.
  1612 | D:3      | Reached * piety under Elyvilon
  1750 | D:3      | Reached XP level 5. HP: 37/46 MP: 4/4
  2164 | D:4      | Reached skill level 1 in Dodging
  2424 | D:4      | Reached skill level 5 in Armour
  2463 | D:4      | Noticed Araratina's ghost (amateur HuFi)
  2473 | D:4      | Killed Araratina's ghost
  2473 | D:4      | Reached XP level 6. HP: 50/53 MP: 5/5
  2501 | D:4      | Noticed Ijyb
  2541 | D:4      | Killed Ijyb
  2541 | D:4      | Reached skill level 5 in Maces & Flails
  2867 | D:4      | Reached XP level 7. HP: 52/60 MP: 6/6
  3236 | D:5      | Entered Level 5 of the Dungeon
  3236 | D:5      | Reached ** piety under Elyvilon
  3450 | D:5      | Found a burning altar of Makhleb.
  3464 | D:5      | Found Misyul's Weapon Boutique.
  3472 | D:5      | Reached skill level 5 in Fighting
  3615 | D:5      | Reached skill level 1 in Axes
  3832 | D:5      | Reached skill level 2 in Axes
  4079 | D:5      | Reached skill level 3 in Axes
  4221 | D:6      | Reached *** piety under Elyvilon
  4240 | D:6      | Reached XP level 8. HP: 70/70 MP: 7/7
  4265 | D:6      | Reached skill level 4 in Axes
  4635 | D:6      | Noticed Duvessa
  4637 | D:6      | Noticed Dowan
  4646 | D:6      | Killed Duvessa
  4646 | D:6      | Reached skill level 5 in Axes
  4653 | D:6      | Killed Dowan
  4919 | D:6      | Found Fumnav's Weapon Boutique.
  4965 | D:6      | Noticed Edmund
  4981 | D:6      | Killed Edmund
  4981 | D:6      | Reached skill level 6 in Axes
  5376 | D:7      | Found a staircase to the Ecumenical Temple.
  5464 | D:7      | Reached skill level 7 in Axes
  5504 | D:7      | Reached **** piety under Elyvilon
  5565 | D:7      | Found a shattered altar of Ashenzari.
  5567 | D:7      | Found a glowing silver altar of Zin.
  5569 | D:7      | Found a radiant altar of Vehumet.
  5569 | D:7      | Found a basalt altar of Yredelemnul.
  5900 | D:7      | Reached XP level 9. HP: 78/78 MP: 8/8
  6197 | D:8      | Found a staircase to the Lair.
  6238 | D:8      | Found Caet's Assorted Antiques.
  6390 | D:8      | Found an iron altar of Okawaru.
  6474 | D:8      | Reached skill level 8 in Axes
  6720 | D:8      | Reached ***** piety under Elyvilon
  6738 | D:8      | Noticed Psyche
  6917 | D:8      | Found Lualunt's Food Shoppe.
  6988 | D:8      | Found Manihal's General Store.
  6990 | D:8      | Found Ruclagg's Antique Weapon Shoppe.
  7012 | D:8      | Bought a glowing battleaxe for 218 gold pieces
  7175 | D:8      | Noticed a two-headed ogre
  7180 | D:8      | Killed a two-headed ogre
  7180 | D:8      | Reached skill level 9 in Axes
  7180 | D:8      | Reached skill level 1 in Stealth
  7234 | D:8      | Bought a meat ration for 50 gold pieces
  7234 | D:8      | Bought a scroll of identify for 20 gold pieces
  7234 | D:8      | Bought a scroll of fear for 35 gold pieces
  7296 | D:9      | Reached skill level 10 in Axes
  7681 | D:9      | Found a shadowy altar of Dithmenos.
  7867 | D:9      | Reached XP level 10. HP: 69/88 MP: 9/9
  8146 | D:9      | Reached skill level 11 in Axes
  8333 | D:10     | Entered Level 10 of the Dungeon
  8333 | D:10     | Found Qeupt's Magic Scroll Shoppe.
  8340 | D:10     | Found Lyuweufi's Jewellery Boutique.
  8355 | D:10     | Bought a scroll of identify for 20 gold pieces
  8355 | D:10     | Bought a scroll of identify for 20 gold pieces
  8355 | D:10     | Bought a scroll of teleportation for 30 gold pieces
  8444 | D:10     | Bought a scroll of amnesia for 35 gold pieces
  8528 | D:10     | Found Nuqaf's General Store.
  8721 | D:10     | Found Moeblag's Magic Scroll Boutique.
  8832 | D:10     | Found Jur Onolo's Book Shop.
  9257 | D:11     | Noticed a manticore
  9261 | D:11     | Killed a manticore
  9261 | D:11     | Reached skill level 12 in Axes
  9271 | D:11     | Reached skill level 1 in Evocations
  9469 | D:11     | Reached skill level 1 in Throwing
  9762 | D:11     | Noticed a green ugly thing
  9775 | D:11     | Killed a green ugly thing
 10338 | D:11     | Reached XP level 11. HP: 76/99 MP: 10/10
 10812 | D:12     | Reached skill level 10 in Fighting
 10812 | D:12     | Reached skill level 13 in Axes
 11795 | D:12     | Found Cytwub's Antique Weapon Boutique.
 12047 | D:12     | Noticed a white ugly thing
 12793 | D:13     | Found Irrunilo's Assorted Antiques.
 12952 | D:13     | Noticed Josephine
 12965 | D:13     | Killed Josephine
 12965 | D:13     | Reached skill level 14 in Axes
 13120 | D:13     | Noticed a centaur warrior
 13133 | D:13     | Killed a centaur warrior
 13337 | D:13     | Noticed Snorg
 13375 | D:14     | Reached ****** piety under Elyvilon
 13593 | D:14     | Noticed a two-headed ogre
 13600 | D:14     | Killed a two-headed ogre
 13695 | D:14     | Noticed a two-headed ogre
 13698 | D:14     | Noticed a death knight
 13699 | D:14     | Noticed a phantasmal warrior
 13702 | D:14     | Found a flickering gateway to a bazaar.
 13723 | Bazaar   | Entered a bazaar
 13839 | Bazaar   | Found Rikoteusch's Armour Shoppe.
 13863 | Bazaar   | Found Xotukhlaa's Antique Weapon Shoppe.
 13863 | Bazaar   | Found Naser's Magic Scroll Emporium.
 13869 | Bazaar   | Bought a scroll of identify for 18 gold pieces
 13869 | Bazaar   | Bought 2 scrolls of identify for 36 gold pieces
 13869 | Bazaar   | Bought a scroll of recharging for 85 gold pieces
 13869 | Bazaar   | Bought a scroll of identify for 18 gold pieces
 13886 | Bazaar   | Found Edoabloxt's Antique Armour Shoppe.
 13999 | Bazaar   | Reached skill level 15 in Axes
 13999 | Bazaar   | Reached XP level 12. HP: 115/115 MP: 12/12
 14122 | D:14     | Reached XP level 13. HP: 118/122 MP: 13/13
 14240 | D:14     | Reached skill level 16 in Axes
 14371 | D:14     | HP: 6/122 [12-headed hydra[a crimson imp] (1)]
 14379 | D:14     | HP: 4/122 [12-headed hydra[a crimson imp] (10)]
 14379 | D:14     | HP: 1/122 [12-headed hydra[a crimson imp] (3)]
 14920 | D:13     | HP: 5/122 [ten-headed hydra (8)]
 14920 | D:13     | Elyvilon protects you from harm!
 14920 | D:13     | Elyvilon protects you from harm!
 14920 | D:13     | Mangled by a ten-headed hydra

Skill      XL: |  1  2  3  4  5  6  7  8  9 10 11 12 13 |
---------------+----------------------------------------+-----
Shields        | 4 5 6 7 |  7.0
Armour         | 4 5 6 7 8 9 |  9.8
Fighting       | 4 5 6 8 9 13 | 13.3
Maces & Flails | 3 4 5 |  5.5
Dodging        | 1 2 3 4 |  4.8
Axes           | 3 7 10 12 15 16 | 16.1
Stealth        | 1 2 |  2.0
Evocations     | 1 |  1.5
Throwing       | 1 |  1.1

Action                   |  1- 3 |  4- 6 |  7- 9 | 10-12 | 13-15 || total
-------------------------+-------+-------+-------+-------+-------++-------
Melee: Flail             |   106 |   173 |    27 |       |       ||   306
       Headbutt          |    15 |    28 |    66 |    58 |     8 ||   175
       Broad axe         |       |       |   184 |       |       ||   184
       Battleaxe         |       |       |   108 |   305 |    30 ||   443
Throw: Tomahawk          |       |       |       |     6 |       ||     6
Evoke: Wand              |       |       |     9 |    24 |       ||    33
  Use: Scroll            |     4 |     5 |    12 |    15 |       ||    36
       Potion            |       |       |     1 |     3 |     1 ||     5
 Stab: Distracted        |       |       |       |     1 |       ||     1
  Eat: Bread ration      |       |     1 |     2 |     4 |       ||     7
       Meat ration       |       |     1 |     2 |       |       ||     3
       Royal jelly       |       |       |       |     5 |       ||     5
Armor: Scale mail        |    92 |    63 |   142 |   142 |    26 ||   465
       Skin              |       |     9 |       |       |       ||     9
Dodge: Dodged            |    57 |    63 |   136 |   193 |    37 ||   486
Block: Shield            |   100 |   104 |   106 |       |       ||   310
